 Dungeon Crawl Stone Soup version 0.27-a0-1191-g601b473118 (webtiles) character file.

Game seed: 4094435842370504162

30870 wakim the Protected (level 13, -4/116 HPs)
             Began as a Minotaur Gladiator on May 23, 2021.
             Was a High Priest of Okawaru.
             Slain by Rupert
             ... wielding a +0 triple sword of holy wrath
              (36 damage)
             ... on level 13 of the Dungeon.
             The game lasted 00:36:10 (20991 turns).

wakim the Protected (Minotaur Gladiator)           Turns: 20991, Time: 00:36:11

Health: -4/116     AC: 27    Str: 25    XL:     13   Next: 22%
Magic:  17/19      EV: 12    Int:  9    God:    Okawaru [*****.]
Gold:   320        SH:  0    Dex: 11    Spells: 12/12 levels left

rFire    . . .     SeeInvis +   a - +5 dire flail of Stickiness {flame, Drain rCorr Int+4 SInv}
rCold    . . .     Faith    +   (shield currently unavailable)
rNeg     . . .     Spirit   .   C - +4 chain mail {Will+}
rPois    .         Reflect  .   u - +1 hat {SInv}
rElec    +         Harm     .   h - +2 cloak
rCorr    +         Rampage  .   j - +0 pair of gloves of Zeyna {+Blink rElec Will+ Stlth+}
Will     ++...                  q - +0 pair of boots {Stlth+}
Stlth    ++........             i - amulet of faith
HPRegen  0.29/turn              A - ring of see invisible
MPRegen  0.16/turn              (no ring)

@: heroic
A: horns 2, retaliatory headbutt
a: Renounce Religion, Evoke Blink, Heroism, Finesse


You were on level 13 of the Dungeon.
You worshipped Okawaru.
Okawaru was extremely pleased with you.
You visited 2 branches of the dungeon, and saw 14 of its levels.
You also visited: Gauntlet.

You collected 636 gold pieces.
You spent 316 gold pieces at shops.

Inventory:

Hand Weapons
 a - the +5 dire flail of Stickiness (weapon) {flame, Drain rCorr Int+4 SInv}
   (Okawaru gifted it to you on level 9 of the Dungeon)

   It has been specially enchanted to burn those struck by it, causing extra
   injury to most foes and up to half again as much damage against particularly
   susceptible opponents.
   It affects your intelligence (+4).
   It lets you see invisible.
   It protects you from acid and corrosion.
   It drains your maximum health when unequipped.
 b - a +0 whip of electrocution
 c - a +2 great mace of venom
 K - the +1 war axe of Zoijas Juham {vorpal, rElec}
   (You found it in a Gauntlet)

   It inflicts extra damage upon your enemies.
   It insulates you from electricity.
Missiles
 d - 3 throwing nets {=f!f}
 e - 8 curare-tipped darts (quivered) {=f}
 g - 18 boomerangs
 n - 2 silver javelins
 s - 6 atropa-tipped darts
 I - 7 javelins
Armour
 h - a +2 cloak (worn)
 j - the +0 pair of gloves of Zeyna (worn) {+Blink rElec Will+ Stlth+}
   (You acquired it on level 8 of the Dungeon)

   It insulates you from electricity.
   It lets you blink.
   It increases your willpower.
   It makes you more stealthy.
 q - a +0 pair of boots of stealth (worn)
 u - a +1 hat of see invisible (worn)
 C - a +4 chain mail of willpower (worn)
 O - quicksilver dragon scales
Jewellery
 i - an amulet of faith (around neck)
 p - a ring of ice
 A - a ring of see invisible (left hand)
Wands
 f - a wand of charming (12)
 t - a wand of digging (6)
 v - a wand of flame (60)
 w - a wand of acid (24)
 x - a wand of iceblast (28)
 y - a wand of paralysis (3)
Scrolls
 o - a scroll of enchant armour
 r - 8 scrolls of identify
 R - a scroll of magic mapping {!r}
 T - 6 scrolls of teleportation
 U - 2 scrolls of fear
 Y - 5 scrolls of blinking {!r}
Potions
 k - 3 potions of might
 B - 3 potions of attraction {!q}
 D - a potion of brilliance
 E - 2 potions of cancellation
 F - 2 potions of curing
 G - 5 potions of flight
 H - 6 potions of haste
 J - a potion of heal wounds
 L - 4 potions of lignification {!q}


   Skills:
 * Level 11.0(16.0) Fighting
 - Level 14.0(19.0) Maces & Flails
 + Level 6.0(11.0) Throwing
 * Level 14.5(19.5) Armour
 + Level 3.7(8.7) Dodging
 + Level 10.2 Invocations


You had 12 spell levels left.
You didn't know any spells.
Your spell library contained the following spells:

 Spells                   Type           Power      Damage    Failure   Level
 Beastly Appendage        Tmut           0%         N/A       78%         1
 Corona                   Hex            0%         N/A       78%         1
 Freeze                   Ice            0%         1d3       78%         1
 Summon Small Mammal      Summ           0%         N/A       78%         1
 Call Imp                 Summ           0%         N/A       89%         2
 Ensorcelled Hibernation  Hex/Ice        0%         N/A       89%         2
 Wereblood                Tmut           0%         N/A       89%         2
 Call Canine Familiar     Summ           0%         N/A       98%         3
 Confusing Touch          Hex            0%         N/A       98%         3
 Dazzling Flash           Conj/Hex       0%         N/A       98%         3
 Frozen Ramparts          Ice            0%         1d2       98%         3
 Ozocubu's Armour         Ice            0%         N/A       98%         3
 Spider Form              Tmut/Pois      0%         N/A       98%         3
 Summon Guardian Golem    Hex/Summ       0%         N/A       98%         3
 Tukima's Dance           Hex            0%         N/A       98%         3
 Hailstorm                Conj/Ice       0%         3d3       100%        4
 Ice Form                 Ice/Tmut       0%         N/A       100%        4
 Summon Ice Beast         Ice/Summ       0%         N/A       100%        4
 Summon Lightning Spire   Summ/Air       0%         N/A       100%        4
 Hydra Form               Tmut           0%         N/A       100%        5
 Metabolic Englaciation   Hex/Ice        0%         N/A       100%        5


Dungeon Overview and Level Annotations

Branches:
Dungeon (13/15)            Temple (1/1) D:4            Lair (0/6) D:8
    Orc (0/2) D:9         Gauntlet (visited)
 Vaults: D:13-14

Altars:
Ashenzari
Cheibriados
Dithmenos
Elyvilon
Fedhas
Gozag
Hepliaklqana
Kikubaaqudgha
Makhleb
Nemelex Xobeh
Okawaru
Qazlal
Ru
Sif Muna
Trog
Uskayaw
Vehumet
Wu Jian
Xom
Yredelemnul
Zin
The Shining One

Shops:
D:1 (   D:12 (

Annotations:
D:13 Rupert


Innate Abilities, Weirdness & Mutations

You have a pair of horns on your head.
You reflexively headbutt those who attack you in melee.


Message History

A gargoyle is nearby!
The gargoyle hits you but does no damage.
You bludgeon the gargoyle!! You burn the gargoyle!
You destroy the gargoyle!
Okawaru accepts your kill.
No target in view!
Rupert the Wild comes into view.
He is wielding a +0 triple sword of holy wrath and wearing a +2 ring mail of willpower.
Rupert shouts!
You throw a curare-tipped dart {=f}.
The curare-tipped dart {=f} barely misses Rupert.
You throw a curare-tipped dart {=f}.
The curare-tipped dart {=f} hits Rupert.
Rupert is poisoned.
Rupert convulses.
Rupert seems to slow down.
Rupert is lightly wounded.
Rupert roars madly and goes into a rage!
Rupert shakes off his lethargy.
Rupert goes berserk!
Rupert hits you with a +0 triple sword of holy wrath!!
Rupert barely misses you. You furiously retaliate!
You headbutt Rupert! You sock Rupert! You burn Rupert.
Rupert is lightly wounded.
Rupert hits you with a +0 triple sword of holy wrath!!
You sock Rupert! You burn Rupert.
Rupert is moderately wounded.
Rupert hits you with a +0 triple sword of holy wrath!
You hit Rupert. You burn Rupert.
Rupert is moderately wounded.
Rupert misses you.
Unknown command.
You bludgeon Rupert!! You burn Rupert!
Rupert is heavily wounded.
Rupert hits you with a +0 triple sword of holy wrath!
* * * LOW HITPOINT WARNING * * *
You gain the combat prowess of a mighty hero.
Rupert hits you with a +0 triple sword of holy wrath!!
* * * LOW HITPOINT WARNING * * *
You feel much better.
Rupert hits you with a +0 triple sword of holy wrath!
* * * LOW HITPOINT WARNING * * *
Rupert hits you with a +0 triple sword of holy wrath!!!
You die...

#.# #.# #.#
#########.#####..
................#
#########.####### #.#
#.# . #@# .. #####@##
... #......##### ....
#............
.....####......#####.
....(.@.#...)..#
.....##.#..>...# (..
#........# #
###......#


You could see Rupert (berserk, poisoned).

Vanquished Creatures
  Gastronok (D:10)
  Frances (D:12)
  A minotaur (Gauntlet)
  A hydra (D:11)
  Fannar (D:10)
  A great orb of eyes (Gauntlet)
  Erolcha (D:11)
  A boulder beetle (D:8)
  An ogre mage (D:12)
  4 two-headed ogres
  A tengu warrior (D:12)
  Sonja (D:10)
  A sixfirhy (Gauntlet)
  Pikel (D:7)
  An ugly thing (Gauntlet)
  A cyclops (D:12)
  Joseph (D:9)
  A hellion (Gauntlet)
  A gargoyle (D:13)
  A smoke demon (Gauntlet)
  Maurice (D:8)
  A kobold demonologist (D:11)
  An unseen horror (D:11)
  2 komodo dragons
  A tengu conjurer (D:12)
  A hornet (D:9)
  A troll (D:12)
  3 meliai (D:12)
  A meliai zombie (D:11)
  2 raiju (Gauntlet)
  Prince Ribbit (D:8)
  6 slime creatures (D:12)
  5 flying skulls (Gauntlet)
  A vampire (D:9)
  2 shadows
  A spriggan (D:10)
  A wyvern (D:8)
  20 yaks
  3 wraiths
  9 vampire mosquitoes
  Grum (D:8)
  A two-headed ogre zombie (D:9)
  Duvessa (D:3)
  3 water moccasins
  5 orc warriors
  A sky beast (D:6)
  4 ogres
  An ice beast (D:7)
  2 black bears
  A necrophage (D:8)
  2 centaurs
  4 wolves (D:8)
  A phantom (D:5)
  2 lemures (D:7)
  5 kobold brigands
  3 bullfrogs
  A gnoll sergeant (D:7)
  4 scorpions
  Dowan (D:3)
  12 killer bees
  2 troll zombies (D:9)
  4 wights (D:8)
  4 howler monkeys
  2 bullfrog zombies
  2 hounds (D:6)
  4 centaur zombies
  A centaur skeleton (D:5)
  3 orc priests
  A jelly (D:7)
  A bullfrog skeleton (D:5)
  3 iguanas
  Ijyb (D:5)
  8 orc wizards
  2 lightning spires (Gauntlet)
  5 ogre zombies (D:9)
  2 howler monkey zombies
  7 adders
  A shadow imp (D:7)
  2 white imps
  4 ufetubi
  A worm (D:3)
  A dart slug (D:1)
  34 orcs
  3 ball pythons
  2 bats
  5 endoplasms
  6 giant cockroaches
  18 goblins
  7 hobgoblins
  5 jackals
  23 kobolds
  4 quokkas
  2 frilled lizards
  2 goblin skeletons (D:9)
  A goblin zombie (D:9)
  A hobgoblin skeleton (D:9)
  2 hobgoblin zombies (D:9)
  3 orc skeletons (D:9)
  16 orc zombies (D:9)
  5 rats
341 creatures vanquished.

Vanquished Creatures (others)
  Psyche (D:7)
  A howler monkey zombie (D:7)
2 creatures vanquished.

Grand Total: 343 creatures vanquished

Notes
Turn   | Place    | Note
-------+----------+-------------------------------------------
     0 | D:1      | wakim the Minotaur Gladiator began the quest for the Orb.
     0 | D:1      | Reached XP level 1. HP: 18/18 MP: 0/0
    41 | D:1      | Found Ebraheyrpho's Antique Weapon Boutique.
   248 | D:1      | Reached skill level 1 in Armour
   251 | D:1      | Reached XP level 2. HP: 23/25 MP: 1/1
   358 | D:1      | Found a faded altar of an unknown god.
   663 | D:1      | Reached XP level 3. HP: 30/30 MP: 2/2
  1811 | D:2      | Found an iron altar of Okawaru.
  2102 | D:3      | Found a shadowy altar of Dithmenos.
  2154 | D:3      | Found an opulent altar of Gozag.
  2377 | D:3      | Found a stormy altar of Qazlal.
  2379 | D:3      | Found a basalt altar of Yredelemnul.
  2383 | D:3      | Found an iron altar of Okawaru.
  2383 | D:3      | Found a blossoming altar of Fedhas.
  2384 | D:3      | Found a shimmering blue altar of Sif Muna.
  2406 | D:3      | Became a worshipper of Warmaster Okawaru
  2483 | D:3      | Reached XP level 4. HP: 38/38 MP: 3/3
  3095 | D:4      | Noticed Duvessa
  3095 | D:4      | Noticed Dowan
  3211 | D:3      | Killed Duvessa
  3212 | D:3      | Reached skill level 5 in Maces & Flails
  3212 | D:3      | Reached skill level 1 in Invocations
  3212 | D:3      | Reached XP level 5. HP: 26/45 MP: 4/4
  3230 | D:3      | Killed Dowan
  3410 | D:4      | Found a sparkling altar of Nemelex Xobeh.
  3472 | D:4      | Found a staircase to the Ecumenical Temple.
  3478 | Temple   | Entered the Ecumenical Temple
  4480 | D:4      | Reached XP level 6. HP: 52/52 MP: 6/6
  4627 | D:4      | Found a broken altar of Ashenzari.
  4658 | D:5      | Entered Level 5 of the Dungeon
  4680 | D:5      | Noticed Ijyb
  4693 | D:5      | Killed Ijyb
  5067 | D:5      | Reached * piety under Okawaru
  5077 | D:5      | Reached XP level 7. HP: 31/60 MP: 7/7
  5312 | D:5      | Reached skill level 5 in Armour
  5453 | D:5      | Noticed a yak
  5453 | D:5      | Noticed a yak
  5454 | D:5      | Noticed a yak
  5454 | D:5      | Noticed a yak
  5456 | D:5      | Noticed a yak
  5467 | D:5      | Noticed a yak
  5700 | D:4      | Killed a yak
  5705 | D:4      | Killed a yak
  5706 | D:4      | Reached skill level 5 in Fighting
  5706 | D:4      | Reached XP level 8. HP: 9/68 MP: 6/9
  6008 | D:4      | Reached ** piety under Okawaru
  7101 | D:5      | Reached skill level 5 in Invocations
  7304 | D:6      | Reached skill level 10 in Maces & Flails
  7559 | D:6      | Reached XP level 9. HP: 61/74 MP: 11/11
  7646 | D:6      | Reached *** piety under Okawaru
  9485 | D:7      | Found a radiant altar of Vehumet.
  9693 | D:7      | Noticed Pikel
  9770 | D:7      | Killed Pikel
  9770 | D:7      | Reached **** piety under Okawaru
 10229 | D:8      | Noticed Psyche
 10701 | D:7      | Killed Psyche
 10862 | D:8      | Found a staircase to the Lair.
 10909 | D:8      | Noticed Grum
 10929 | D:8      | Killed Grum
 10930 | D:8      | Reached XP level 10. HP: 69/81 MP: 10/13
 11297 | D:8      | Identified a scroll of acquirement
 11297 | D:8      | Acquired the +0 pair of gloves of Zeyna {+Blink rElec Will+
                  | Stlth+}
 11307 | D:8      | Noticed a boulder beetle
 11551 | D:8      | Reached ***** piety under Okawaru
 11565 | D:8      | Killed a boulder beetle
 11881 | D:8      | Identified the -4 pair of boots "Rarah" {Will+ Int+4
                  | Slay+3}
 11995 | D:8      | Noticed Maurice
 12007 | D:8      | Killed Maurice
 12047 | D:8      | Noticed Prince Ribbit
 12061 | D:8      | Killed Prince Ribbit
 12115 | D:8      | Found an ornate altar of the Wu Jian Council.
 13313 | D:9      | Found a staircase to the Orcish Mines.
 13522 | D:9      | Received a gift from Okawaru
 13575 | D:9      | Noticed Joseph
 13586 | D:9      | Killed Joseph
 13587 | D:9      | Reached XP level 11. HP: 64/91 MP: 13/15
 13774 | D:9      | Identified the +5 dire flail of Stickiness {flame, Drain
                  | rCorr Int+4 SInv} (Okawaru gifted it to you on level 9 of
                  | the Dungeon)
 13774 | D:9      | Received a gift from Okawaru
 14195 | D:10     | Entered Level 10 of the Dungeon
 14590 | D:10     | Noticed Fannar
 14725 | D:10     | Noticed Gastronok
 15043 | D:10     | Killed Gastronok
 15044 | D:10     | Reached skill level 5 in Throwing
 15044 | D:10     | Reached skill level 10 in Armour
 15071 | D:10     | Killed Fannar
 15071 | D:10     | Received a gift from Okawaru
 15169 | D:10     | Found a shimmering altar of Xom.
 15733 | D:10     | Noticed Sonja
 15739 | D:10     | Killed Sonja
 16617 | D:11     | Noticed a five-headed hydra
 16626 | D:11     | Killed a five-headed hydra
 17045 | D:11     | Noticed Erolcha
 17054 | D:11     | Noticed a two-headed ogre
 17061 | D:11     | Killed Erolcha
 17062 | D:11     | Reached XP level 12. HP: 69/103 MP: 10/17
 17062 | D:11     | Killed a two-headed ogre
 17735 | D:12     | Received a gift from Okawaru
 18103 | D:12     | Found a gate leading to a gauntlet.
 18112 | Gauntlet | Entered a Gauntlet
 18112 | Gauntlet | Found a transporter.
 18414 | Gauntlet | Found a transporter.
 18414 | Gauntlet | Found a transporter.
 18419 | Gauntlet | Found a transporter.
 18419 | Gauntlet | Found a runed translucent door.
 18426 | Gauntlet | Found a transporter.
 18427 | Gauntlet | Found a transporter.
 18434 | Gauntlet | Found a transporter.
 18438 | Gauntlet | Found a transporter.
 18443 | Gauntlet | Found a transporter.
 18446 | Gauntlet | Found a transporter.
 18450 | Gauntlet | Found a transporter.
 18455 | Gauntlet | Found a transporter.
 18457 | Gauntlet | Noticed a great orb of eyes
 18461 | Gauntlet | Found a transporter.
 18504 | Gauntlet | Found a transporter.
 19092 | Gauntlet | Killed a great orb of eyes
 19093 | Gauntlet | Reached skill level 10 in Fighting
 19149 | Gauntlet | Noticed a minotaur
 19177 | Gauntlet | Killed a minotaur
 19177 | Gauntlet | Received a gift from Okawaru
 19186 | Gauntlet | Identified the +1 war axe of Zoijas Juham {vorpal, rElec}
 19186 | Gauntlet | Identified the +0 kite shield of the Forest {rF+ Str+7
                  | Dex-5}
 19210 | D:12     | Noticed a two-headed ogre
 19212 | D:12     | Noticed an ogre mage
 19212 | D:12     | Noticed a two-headed ogre
 19214 | D:12     | Noticed a two-headed ogre
 19453 | D:12     | Killed a two-headed ogre
 19456 | D:12     | Killed a two-headed ogre
 19461 | D:12     | Killed a two-headed ogre
 19668 | D:12     | Killed an ogre mage
 19669 | D:12     | Reached XP level 13. HP: 101/114 MP: 17/19
 19786 | D:12     | Noticed Frances
 19797 | D:12     | Killed Frances
 19798 | D:12     | Reached skill level 10 in Invocations
 20349 | D:12     | Found a glowing golden altar of the Shining One.
 20409 | D:12     | Identified the +7 glaive of Byotu {protect, Fly rElec}
                  | (Okawaru gifted it to you on level 12 of the Dungeon)
 20409 | D:12     | Received a gift from Okawaru
 20783 | D:12     | Found Aneoxoze's Weapon Shop.
 20786 | D:12     | Bought a +2 great mace of venom for 316 gold pieces
 20974 | D:13     | Noticed Rupert
 20991 | D:13     | Slain by Rupert

Illustrated notes

Levels and vault maps discovered:
D:1:      sevenhm_arrival_forest_fort_small_5, layout_loops_cross,
          serial_co_window_serial, co_window_paths_a, co_window_paths_b,
          co_window_corner_a, co_window_corner_a, co_window_paths_b,
          co_window_of_opportunity_a, co_window_corner_a, co_window_corner_ca,
          co_window_corner_cb, co_window_unsneaky_path_e, co_window_corner_b,
          co_window_paths_c, co_window_paths_e, glass_columns_b,
          glass_columns_b, glass_columns_b, serial_shops, shop,
          chequers_ecumenical_altar_simple, minmay_surrounded
D:2:      layout_basic, basic_altar, minmay_misc_feat_tower
D:3:      layout_loops_ring, nicolae_dithmenos_shadow_blocks, minitemple,
          amcnicky_altar_gilded
D:4:      cheibrodos_greedy_goblins, layout_basic,
          nemelex_xobeh_ov_fountains_minmay, kennysheep_little_box,
          minmay_temple_entry_waves, uniq_duvessa
D:5:      layout_basic, minmay_pentangle, uniq_ijyb
D:6:      layout_rooms
D:7:      layout_basic, vehumet_altar_wand_db, st_stairs_1, kennysheep_donut,
          lemuel_flamethrower_2, uniq_pikel
D:8:      layout_loops_ring, nzn_wu_jian_council_hall, lair_entry_dummy,
          serial_aquarium, aquarium_bridge_square [aquarium_subvault_wall,
          aquarium_subvault_window, aquarium_subvault_bridge,
          aquarium_subvault_balcony], aquarium_window_corridor_2,
          aquarium_window_fake, aquarium_window_fake, aquarium_view_2b,
          aquarium_pool_side, hangedman_decor_opposing, uniq_maurice,
          uniq_prince_ribbit1, uniq_psyche, uniq_grum
D:9:      layout_basic, zombieorc2_lemuel, uniq_joseph
D:10:     layout_cave_pools, old_standard_altar, st_stairs_4, the_hattery,
          uniq_sonja, uniq_fannar, uniq_gastronok
D:11:     layout_gridville, uniq_erolcha
D:12:     layout_stronghold, gauntlet_entry_generic, serial_shops,
          kennysheep_mini, kennysheep_diamond, uniq_frances
D:13:     layout_roguey, david_vaults_3, kennysheep_generic_room_11, uniq_rupert
Temple:   eino_temple_lava

Skill      XL: |  1  2  3  4  5  6  7  8  9 10 11 12 13 |
---------------+----------------------------------------+-----
Armour         | 1 2 3 4 6 8 11 14 | 14.5
Maces & Flails | 4 5 6 7 10 13 14 | 14.0
Fighting       | 3 4 5 6 8 10 11 | 11.0
Invocations    | 1 2 3 5 6 7 8 9 10 | 10.2
Throwing       | 4 6 |  6.0
Dodging        | |  3.7

Action                   |  1- 3 |  4- 6 |  7- 9 | 10-12 | 13-15 || total
-------------------------+-------+-------+-------+-------+-------++-------
Melee: Flail             |    65 |    87 |   251 |       |       ||   403
       Headbutt          |    11 |    10 |    64 |   128 |    13 ||   226
       Whip              |       |       |    22 |   287 |       ||   309
       Unarmed           |       |       |     1 |       |       ||     1
       Punch             |       |       |       |     1 |       ||     1
       Dire flail        |       |       |       |   387 |    59 ||   446
Throw: Dart              |       |     3 |     6 |     7 |     3 ||    19
Invok: Heroism           |       |       |     5 |    11 |     1 ||    17
       Finesse           |       |       |       |     3 |       ||     3
Evoke: Wand              |       |       |       |     4 |       ||     4
  Use: Scroll            |     8 |     3 |     6 |     4 |       ||    21
       Potion            |       |       |       |     3 |     1 ||     4
 Stab: Paralysed         |       |       |       |     2 |       ||     2
Armor: Leather armour    |    13 |       |       |       |       ||    13
       Ring mail         |     5 |     2 |       |       |       ||     7
       Scale mail        |       |    38 |   106 |    74 |       ||   218
       Chain mail        |       |       |       |   184 |    39 ||   223
       Plate armour      |       |       |       |    53 |       ||    53
Dodge: Dodged            |    36 |    59 |   119 |   228 |    35 ||   477

Table legend: (Time is in decaauts)
 A = Elapsed time spent in this place.
 B = Non-inter-level travel time spent in this place.
 C = Inter-level travel time spent in this place.
 D = Time resting spent in this place.
 E = Time spent auto-exploring this place.
 F = Levels seen in this place.
 G = Mean time per level.
                   A        B        C        D        E       F      G
               +--------+--------+--------+--------+--------+-----+--------+
         Total |  20704 |  19859 |    845 |   2731 |  14138 |  15 | 1380.3 |
       Dungeon |  19582 |  18742 |    840 |   2731 |  13278 |  13 | 1506.3 |
        Temple |     79 |     74 |      5 |      0 |     73 |   1 |   79.0 |
      Gauntlet |   1041 |   1041 |      0 |      0 |    787 |   1 | 1041.0 |
               +--------+--------+--------+--------+--------+-----+--------+

Top non-repeatable levels by time:
     D:4: 2436 daAuts
     D:7: 2175 daAuts
     D:5: 1949 daAuts
     D:9: 1905 daAuts
    D:12: 1838 daAuts
    D:11: 1669 daAuts
     D:8: 1654 daAuts
    D:10: 1606 daAuts
     D:1: 1371 daAuts
     D:6: 1222 daAuts
Gauntlet: 1041 daAuts
     D:3: 1032 daAuts
     D:2: 633 daAuts
    D:13: 88 daAuts
  Temple: 79 daAuts
